 Dungeon Crawl Stone Soup version 0.21-a0-39-g28ea6b7 (webtiles) character file.

291 MackTheKnife the Skirmisher (level 6, -2/71 HPs)
             Began as an Ogre Abyssal Knight on June 1, 2017.
             Was a Believer of Lugonu.
             Slain by a wight
             ... wielding a +3 long sword
              (10 damage)
             ... on level 3 of the Dungeon.
             The game lasted 00:05:40 (3288 turns).

MackTheKnife the Skirmisher (Ogre Abyssal Knight)   Turns: 3288, Time: 00:05:41

Health: -2/71      AC:  3    Str: 19    XL:     6   Next: 32%
Magic:  7/7        EV:  9    Int: 13    God:    Lugonu [**....]
Gold:   178        SH:  0    Dex:  8    Spells: 5/5 levels left

rFire    . . .     SeeInvis .   h - +3 dagger (drain)
rCold    . . .     Gourm    .   (no shield)
rNeg     . . .     Faith    .   b - +0 robe
rPois    .         Spirit   .   (helmet restricted)
rElec    .         Reflect  .   (no cloak)
rCorr    .         Harm     .   (gloves unavailable)
MR       .....                  (boots unavailable)
Stlth    +.........             (no amulet)
Regen    0.3/turn               (no ring)
MPRegen  0.1/turn               (no ring)

@: heavily drained
A: unfitting armour, tough skin 1
a: Depart the Abyss, Bend Space, Renounce Religion


You were on level 3 of the Dungeon.
You worshipped Lugonu.
Lugonu was pleased with you.
You were hungry.

You visited 1 branch of the dungeon, and saw 4 of its levels.
You visited the Abyss 1 time.

You collected 178 gold pieces.

Inventory:

Hand Weapons
 a - a +0 giant club
   (You took it off an ogre on level 4 of the Dungeon)
 h - a +3 dagger of draining (weapon)
   (You took it off a kobold on level 1 of the Dungeon)
Armour
 b - a +0 robe (worn)
Scrolls
 e - 2 scrolls of teleportation
 f - a scroll of amnesia
Potions
 k - a potion of agility {unknown}
 l - a potion of curing {unknown}
 o - a potion of heal wounds {unknown}
Miscellaneous
 d - a fan of gales
   (You found it on level 2 of the Abyss)
Comestibles
 c - 4 bread rations {@e1}
 i - 3 meat rations {@e2}
 j - a royal jelly
 m - a fruit


   Skills:
 + Level 7.4(6.1) Fighting
 - Level 4.0(2.8) Maces & Flails
 - Level 2.1(1.0) Dodging
 - Level 2.0(0.9) Invocations


You had 5 spell levels left.
You didn't know any spells.

Dungeon Overview and Level Annotations

Branches:
Dungeon (4/15)
 Temple: D:4-7

Altars:
Fedhas
Hepliaklqana
Makhleb
Sif Muna
Trog
Uskayaw


Innate Abilities, Weirdness & Mutations

You are too large for most types of armour.
You have tough skin. (AC +1)


Message History

You start resting.
You are feeling very hungry.
There is a stone staircase leading down here.
You open the door.
There is an open door here.
You open the door.
There is an open door here.
e - 3 scrolls of teleportation (gained 1)
A quokka comes into view.
Health restored: 71 A quokka is nearby!
A quokka is nearby!
You hit the quokka. The quokka bites you.
You take 2 damage, and have 69/71 hp.
You hit the quokka.
You kill the quokka!
Lugonu accepts your kill.
No target in view!
You see here a quokka corpse.
You butcher the quokka corpse.
g - a chunk of flesh {@w0} Eating a chunk of flesh {@w0}.
You eat the chunk of flesh {@w0}.
A wight comes into view. It is wielding a great sword.
Health restored: 71 A wight is nearby!
A wight is nearby!
A wight comes into view. It is wielding an enchanted long sword.
A wight comes into view. It is wielding an enchanted mace.
A wight comes into view. It is wielding a scimitar.
The wight hits you with a great sword!
You take 13 damage, and have 58/71 hp.
Wield which item (- for none, * to show all)? (? for menu, Esc to quit)
a - a +0 giant club (weapon)
The wight hits you with a great sword.
You take 4 damage, and have 55/71 hp.
You barely miss the wight. You hit the wight but do no damage.
The wight barely misses you.
You sock the wight!
The wight hits you with an enchanted long sword!
You take 7 damage, and have 48/71 hp.
You hit the wight but do no damage. The wight completely misses you.
You barely miss the wight.
The wight hits you with an enchanted long sword!
You feel drained.
You take 14 damage, and have 34/71 hp.
You are too injured to fight recklessly!
You are too injured to fight recklessly!
You are too injured to fight recklessly!
You are too injured to fight recklessly!
You barely miss the wight.
The wight hits you with an enchanted long sword!
You take 9 damage, and have 25/71 hp.
You closely miss the wight.
The wight hits you with an enchanted long sword.
You feel drained.
You barely miss the wight.
The wight hits you with an enchanted long sword.
* * * LOW HITPOINT WARNING * * *
You feel drained.
The wight hits you with an enchanted long sword.
* * * LOW HITPOINT WARNING * * *
You feel drained.
* * * LOW HITPOINT WARNING * * *
You take 14 damage, and have 11/71 hp.
Wield which item (- for none, * to show all)? (? for menu, Esc to quit)
You sense an unholy aura.
h - a +3 dagger of draining (weapon)
You are feeling hungry.
Okay, then.
Okay, then.
As you read the scroll of teleportation, it crumbles to dust.
You feel strangely unstable. The wight closely misses you.
Your surroundings suddenly seem different.
The wight is too close now for your liking.
You regained 6 hp, and now have 28/71 hp.
A wight is nearby!
You are too injured to fight recklessly!
You barely miss the wight.
The wight hits you with an enchanted long sword!
* * * LOW HITPOINT WARNING * * *
You take 11 damage, and have 21/71 hp.
You barely miss the wight. The wight barely misses you.
You barely miss the wight. The wight hits you but does no damage.
You completely miss the wight. The wight barely misses you.
There is a stone staircase leading up here.
You see here a +1 mace.
You climb upwards.
There is a stone staircase leading down here.
You barely miss the wight.
The wight hits you with an enchanted long sword!
* * * LOW HITPOINT WARNING * * *
You take 9 damage, and have 14/71 hp.
You hit the wight.
The wight hits you with an enchanted long sword.
* * * LOW HITPOINT WARNING * * *
You take 6 damage, and have 8/71 hp.
You hit the wight but do no damage.
The wight hits you with an enchanted long sword!
You die...

...#
#.#..####.##'###
...#
#....#.........#
...#
###.########.#.#
...# #.#
###..#.#####
...# #.#
#......#...#
...# #.#
#.#.####.#.#
##.# #.#
#.#......#.#
##.# #.#
#.#......#.#
...# #.#
#.z@..#.##.#
#### #.#
#######....#
########.##
######
..........#
.....######
.....# .....#
.....###
.......#


You could see a wight.

Vanquished Creatures
  An ogre (D:4)
  Natasha (thrice) (D:2)
  A hound skeleton (D:4)
  3 adders (D:3)
  An ooze (D:2)
  3 worms
  A dart slug (D:1)
  8 giant cockroaches
  12 goblins
  7 hobgoblins
  6 jackals
  A quokka (D:4)
  10 bats
  3 frilled lizards
  9 kobolds
  12 rats
81 creatures vanquished.

Notes
Turn   | Place    | Note
-------+----------+-------------------------------------------
     0 | Abyss:1  | MackTheKnife the Ogre Abyssal Knight began the quest for the Orb.
     0 | Abyss:1  | Reached XP level 1. HP: 24/24 MP: 2/2
    58 | Abyss:1  | Found a viscous altar of Jiyva.
   106 | Abyss:2  | Noticed a quicksilver dragon
   123 | Abyss:2  | Noticed an ancient zyme
   141 | Abyss:2  | Noticed a large abomination
   142 | D:1      | Escaped the Abyss
   206 | D:1      | Reached skill level 2 in Maces & Flails
   251 | D:1      | Reached XP level 2. HP: 26/33 MP: 3/3
   252 | D:1      | Reached * piety under Lugonu
   642 | D:1      | Reached XP level 3. HP: 35/40 MP: 4/4
  1009 | D:2      | Reached skill level 5 in Fighting
  1080 | D:2      | Reached ** piety under Lugonu
  1357 | D:2      | Noticed Natasha
  1373 | D:2      | Killed Natasha
  1373 | D:2      | Reached skill level 3 in Maces & Flails
  1373 | D:2      | Reached XP level 4. HP: 14/50 MP: 5/5
  1652 | D:2      | Noticed Natasha
  1664 | D:2      | Killed Natasha
  1880 | D:2      | Noticed Natasha
  1890 | D:2      | Killed Natasha
  1890 | D:2      | Reached XP level 5. HP: 45/59 MP: 6/6
  1947 | D:3      | Reached skill level 6 in Fighting
  2456 | D:3      | Found a blossoming altar of Fedhas.
  2459 | D:3      | Found a hazy altar of Hepliaklqana.
  2462 | D:3      | Found a hide-covered altar of Uskayaw.
  2597 | D:3      | Found a bloodstained altar of Trog.
  2598 | D:3      | Found a deep blue altar of Sif Muna.
  2681 | D:3      | Reached skill level 4 in Maces & Flails
  2919 | D:4      | Noticed an ogre
  2929 | D:4      | Killed an ogre
  2929 | D:4      | Reached skill level 7 in Fighting
  2929 | D:4      | Reached XP level 6. HP: 44/71 MP: 7/7
  3016 | D:4      | Found a burning altar of Makhleb.
  3173 | D:4      | HP: 13/71 [wight/enchanted long sword (6)]
  3286 | D:3      | HP: 14/71 [wight/enchanted long sword (9)]
  3288 | D:3      | Slain by a wight

Vault maps used:
D:1:      dpeg_arrival_lava_temple_mockup
D:2:      kennysheep_generic_room_4, uniq_natasha
D:3:      gammafunk_temple_overflow_pools, grunt_temple_overflow_diamond
D:4:      kennysheep_mini_moat, lemuel_zombie_altar_yredelemnul, first_bread

Skill      XL: |  1  2  3  4  5 |
---------------+----------------+-----
Maces & Flails | 2 3 4 |  4.0
Fighting       | 5 7 |  7.4
Dodging        | |  2.1
Invocations    | |  2.0

Action                   |  1- 3 |  4- 6 || total
-------------------------+-------+-------++-------
Melee: Dagger            |   126 |   138 ||   264
       Mace              |     6 |       ||     6
       Giant club        |       |     8 ||     8
Invok: Depart the Abyss  |     1 |       ||     1
Evoke: Fan of gales      |     1 |       ||     1
  Use: Scroll            |       |     6 ||     6
  Eat: Chunk             |     1 |     6 ||     7
Armor: Robe              |    34 |    42 ||    76
Dodge: Dodged            |    68 |    81 ||   149

Vault maps used:
D:1:      dpeg_arrival_lava_temple_mockup
D:2:      kennysheep_generic_room_4, uniq_natasha
D:3:      gammafunk_temple_overflow_pools, grunt_temple_overflow_diamond
D:4:      kennysheep_mini_moat, lemuel_zombie_altar_yredelemnul, first_bread

Table legend:
 A = Turns spent in this place as a percentage of turns spent in the entire game.
 B = Non-inter-level travel turns spent in this place as a percentage of non-inter-level travel turns spent in the entire game.
 C = Inter-level travel turns spent in this place as a percentage of turns spent in this place.
 D = Turns resting spent in this place as a percentage of non-inter-level travel turns spent in this place.
 E = Turns spent auto-exploring this place as a percentage of non-inter-level travel turns spent in this place.
 F = Non-inter-level travel turns spent in this place divided by the number of levels of this place that you've seen.
                   A       B       C       D       E      F
               +-------+-------+-------+-------+-------+----------------------
         Total | 100.0 | 100.0 |   0.3 |   1.6 |   8.8 | 192.7
       Dungeon |  91.3 |  91.3 |   0.4 |   1.7 |   9.4 | 263.8
         Abyss |   8.7 |   8.7 |   0.0 |   0.0 |   3.0 |  50.5
               +-------+-------+-------+-------+-------+----------------------

Table legend:
 A = Kills in this place as a percentage of kills in entire the game.
 B = Kills by you in this place as a percentage of kills by you in the entire game.
 C = Kills by friends in this place as a percentage of kills by friends in the entire game.
 D = Other kills in this place as a percentage of other kills in the entire game.
 E = Experience gained in this place as a percentage of experience gained in the entire game.
 F = Experience gained in this place divided by the number of levels of this place that you have seen.
                   A       B       C       D       E      F
               +-------+-------+-------+-------+-------+----------------------
         Total | 100.0 | 100.0 |  -nan |  -nan | 100.0 |  69.3
       Dungeon | 100.0 | 100.0 |  -nan |  -nan | 100.0 | 104.0
               +-------+-------+-------+-------+-------+----------------------
